cohdb
Replays
Latest Replays
All Replays
Popular Replays
Top Player Replays
Match Explorer
How It Works
Community
CoH3 Stats
Reddit
Sign in to upload your games and track your stats! →
Sign in with Steam
Match 42942267
Unlisted
Match 42942267
Overview
Messages
Build Orders
End
Construct Section Command Post
Infantry Section
Infantry Section
Grenade Package
Infantry Section
Construct Field Infirmary
Selects Canadian Shock Battlegroup
Selects Incendiary Munitions
Construct Platoon Command Post
Vickers Machine Gun Team
Selects Pyrotechnics
Humber Armored Car
BUBBA_ACTUAL
JollyRedRockett
Skyline
Dark Lord Cthulhu
0
0
Comments
sign in to comment!
No comments posted yet!